Map: Catalyst LE

Players

rafapras - Winner!

  • Race: Protoss Protoss
  • League: Diamond
  • Spawn Location: 11:00

ytread

  • Race: Protoss Protoss
  • Spawn Location: 5:00

VOD

Have the link to the VOD?

Description

Time

  • Played on: Dec. 2, 2017, 9:28 a.m.
  • Length: 12:11
Show
View Real Time Build Order
Export as new Build Order

rafapras Protoss - Winner!

Build Orders:  

Get SALT Encoding   

  12  0:01  Probe  
  13  0:13  Probe  
  14  0:18  Pylon  
  14  0:25  Probe  
  15  0:37  Gateway  
  15  0:40  Probe  
  16  0:46  Assimilator  
  16  0:51  Assimilator  
  16  0:56  Probe  
  17  1:08  Probe (Chrono Boost)  
  18  1:18  Probe (Chrono Boost)  
  19  1:28  Gateway  
  19  1:30  Cybernetics Core  
  20  1:32  Probe (Chrono Boost)  
  21  1:44  Probe (Chrono Boost)  
  21  1:47  Probe, Pylon  
  22  1:59  Probe  
  23  2:06  Warp Gate (Chrono Boost)  
  23  2:15  Stalker x2  
  27  2:22  Shield Battery  
  27  2:33  Robotics Facility  
  27  2:45  Stalker  
  27  2:46  Stalker  
  30  3:14  Probe  
  31  3:23  Pylon  
  31  3:42  Nexus  
  31  3:48  Immortal (Chrono Boost)  
  35  3:59  Pylon  
  35  4:12  Adept x2  
  39  4:17  Observer  
  40  4:26  Probe  
  36  4:38  Probe  
  37  4:51  Probe  
  38  4:59  Probe  
  39  5:03  Probe (Chrono Boost), Warp Prism (Chrono Boost)  
  43  5:15  Probe (Chrono Boost)  
  42  5:21  Probe x2 (Chrono Boost)  
  40  6:00  Stalker x2  
  40  6:03  Probe x2  
  46  6:15  Probe x2  
  46  6:17  Immortal  
  50  6:27  Probe x2  
  50  6:39  Probe x2  
  52  6:44  Stalker x2  
  56  6:51  Probe (Chrono Boost)  
  58  7:00  Probe (Chrono Boost)  
  59  7:03  Probe (Chrono Boost)  
  59  7:04  Probe (Chrono Boost)  
  60  7:13  Assimilator  
  60  7:15  Probe x2  
  62  7:17  Assimilator  
  62  7:21  Forge  
  62  7:29  Pylon  
  62  7:31  Probe  
  62  7:32  Probe  
  59  7:37  Twilight Council  
  59  7:39  Stalker  
  59  7:43  Probe  
  62  7:47  Probe  
  63  7:58  Pylon  
  64  7:59  Probe (Chrono Boost)  
  64  8:03  Probe (Chrono Boost)  
  65  8:10  Probe x2 (Chrono Boost), Protoss Ground Weapons Level 1  
  67  8:13  Probe, Pylon  
  67  8:16  Templar Archives  
  67  8:17  Charge  
  68  8:20  Probe  
  68  8:22  Gateway  
  68  8:24  Stalker  
  71  8:28  Stalker  
  72  8:43  Probe x2  
  72  8:47  Warp Prism (Chrono Boost)  
  78  8:55  Probe (Chrono Boost)  
  78  8:57  Probe (Chrono Boost)  
  78  8:59  High Templar x2  
  82  9:07  Probe (Chrono Boost)  
  82  9:08  Archon  
  82  9:09  Probe (Chrono Boost), Nexus  
  84  9:11  Probe x2 (Chrono Boost)  
  85  9:21  Photon Cannon  
  85  9:25  Gateway  
  85  9:27  Gateway  
  85  9:29  Gateway, Probe  
  86  9:31  Gateway  
  86  9:35  Pylon  
  86  9:46  Photon Cannon  
  86  9:53  Probe x2  
  86  9:58  Immortal  
  92  10:00  Pylon  
  92  10:02  High Templar  
  92  10:06  Pylon  
  94  10:08  Pylon  
  94  10:18  Probe x2  
  96  10:23  Photon Cannon  
  96  10:25  Probe  
  96  10:27  High Templar x2  
  96  10:28  High Templar  
  103  10:30  Probe  
  101  10:39  Archon x2  
  101  10:41  Zealot x2  
  80  10:57  Probe  
  80  10:58  Probe  
  80  10:59  Probe  
  80  11:02  Zealot x3  
  87  11:16  Probe  
  87  11:17  Probe  
  88  11:18  Zealot  
  88  11:19  Zealot x3  
  88  11:24  Immortal  
  100  11:30  Photon Cannon  
  100  11:32  Photon Cannon  
  100  11:33  Assimilator  
  100  11:38  Assimilator  
  100  11:39  Shield Battery  
  100  11:44  Stalker x2  
  100  11:45  Zealot x3  
  110  11:56  Probe x2  
Show
View Real Time Build Order
Export as new Build Order

ytread Protoss 

Build Orders: Oracle Opening 

Get SALT Encoding   

  12  0:00  Probe  
  13  0:12  Probe  
  14  0:17  Pylon  
  14  0:25  Probe  
  15  0:37  Probe  
  15  0:41  Gateway  
  16  0:48  Assimilator  
  16  0:49  Probe  
  17  0:55  Assimilator  
  17  1:01  Probe  
  18  1:13  Probe  
  19  1:19  Gateway  
  19  1:25  Probe  
  20  1:32  Cybernetics Core  
  20  1:37  Probe  
  21  1:47  Pylon  
  21  1:49  Probe  
  22  2:01  Probe  
  23  2:09  Adept x2 (Chrono Boost)  
  23  2:11  Warp Gate  
  23  2:13  Probe  
  28  2:21  Pylon  
  28  2:29  Stargate  
  28  2:32  Probe  
  29  2:47  Stalker  
  29  2:48  Stalker  
  33  2:52  Probe  
  34  3:04  Probe  
  38  3:25  Oracle (Chrono Boost)  
  38  3:30  Probe  
  38  3:31  Nexus  
  39  3:38  Pylon  
  39  3:51  Pylon  
  39  3:56  Probe  
  40  4:04  Twilight Council  
  40  4:08  Probe  
  41  4:13  Shield Battery  
  41  4:20  Probe  
  38  4:32  Probe (Chrono Boost)  
  39  4:43  Charge (Chrono Boost)  
  39  4:44  Probe (Chrono Boost)  
  43  4:52  Robotics Facility, Oracle  
  45  4:56  Probe (Chrono Boost)  
  45  4:58  Probe (Chrono Boost), Gateway  
  47  5:02  Probe x2 (Chrono Boost)  
  47  5:03  Gateway  
  47  5:18  Probe x2  
  47  5:19  Sentry  
  47  5:20  Sentry  
  53  5:34  Pylon  
  41  5:53  Stalker x2  
  43  6:08  Dark Shrine  
  43  6:09  Stalker x2  
  40  6:35  Zealot  
  40  6:36  Zealot x2  
  46  6:49  Pylon  
  46  6:52  Pylon  
  46  7:11  Robotics Facility  
  46  7:15  Gateway  
  46  7:17  Pylon  
  46  7:18  Pylon  
  46  7:23  Zealot x4  
  54  8:03  Nexus  
  54  8:10  Warp Prism (Chrono Boost)  
  56  8:18  Probe (Chrono Boost)  
  58  8:30  Probe (Chrono Boost)  
  58  8:32  Probe  
  59  8:44  Probe  
  59  8:45  Immortal (Chrono Boost)  
  64  8:51  Pylon  
  64  9:05  Sentry x3  
  64  9:08  Dark Templar  
  72  9:28  Dark Templar  
  72  9:30  Probe x2  
  76  9:47  Probe x2  
  76  9:48  Pylon  
  78  10:02  Zealot  
  78  10:03  Zealot x2  
  78  10:04  Stalker  
  86  10:13  Probe x2  
  85  10:22  Zealot  
  81  10:37  Zealot x2  
  81  10:38  Zealot x2  
  76  10:46  Dark Templar  
  62  10:58  Probe x2  
  62  11:02  Immortal (Chrono Boost)  
  64  11:10  Probe x2  
  62  11:13  Assimilator  
  62  11:16  Assimilator  
  60  11:18  Zealot x2  
  60  11:22  Probe x2  
  66  11:27  Pylon  
  66  11:31  Immortal  
  70  11:34  Probe x2  
  72  11:51  Sentry  
  72  11:52  Sentry, Probe x2  
Tags
 
League
Diamond
Matchup
PvP
Spawn Locations
Cross Positions
Add a new tag
Caveats
  • Supply blocks, unpowered buildings, or Contaminate may cause inaccurate times.
  • Supply counts are checked every 10 seconds.